 Dungeon Crawl Stone Soup version 0.22-a0-512-g0943f25 (webtiles) character file.

203 Soeti the Shield-Bearer (level 5, -5/37 HPs)
             Began as an Octopode Fighter on June 18, 2018.
             Was an Initiate of Yredelemnul.
             Shot with an arrow by a centaur (10 damage)
             ... on level 5 of the Dungeon.
             The game lasted 00:08:30 (3471 turns).

Soeti the Shield-Bearer (Octopode Fighter)          Turns: 3471, Time: 00:08:30

Health: -5/37      AC:  1    Str: 15    XL:     5   Next: 81%
Magic:  5/5        EV: 12    Int: 11    God:    Yredelemnul [......]
Gold:   102        SH: 13    Dex: 12    Spells: 4/4 levels left

rFire    . . .     SeeInvis +   p - +1 dagger (venom)
rCold    . . .     Gourm    .   b - +0 shield
rNeg     . . .     Faith    .   (helmet restricted)
rPois    +         Spirit   .   k - amulet of harm
rElec    .         Reflect  .   o - ring of see invisible
rCorr    .         Harm     +   h - ring of poison resistance
MR       .....                  (no ring)
Stlth    +++.......             (no ring)
HPRegen  0.12/turn              (no ring)
MPRegen  0.09/turn              (no ring)
                                (no ring)
                                (no ring)

@: no status effects
A: almost no armour, stealthy swim, amphibious, 8 rings, constrict 8, large bone
plates 1, camouflage 1, deterioration 1, gelatinous body 1
a: Renounce Religion


You were on level 5 of the Dungeon.
You worshipped Yredelemnul.
Yredelemnul was noncommittal.
You were not hungry.

You visited 1 branch of the dungeon, and saw 5 of its levels.

You collected 102 gold pieces.

Inventory:

Hand Weapons
 a - a +0 long sword
 p - a +1 dagger of venom (weapon)
Armour
 b - a +0 shield (worn)
Jewellery
 h - a ring of poison resistance (right tentacle)
 k - an amulet of harm (around mantle)
 o - a ring of see invisible (left tentacle)
Wands
 u - a wand of polymorph (17)
Scrolls
 e - a scroll of noise
 f - 3 scrolls of remove curse
 j - a scroll of amnesia
 m - a scroll of identify
 n - 2 scrolls of teleportation
 q - a scroll of immolation {unknown}
 t - a scroll of blinking {unknown}
Potions
 c - 3 potions of might
 g - a potion of degeneration {unknown}
 i - a potion of flight {unknown}
 l - 2 potions of curing {unknown}
 r - a potion of mutation
 s - a potion of heal wounds {unknown}
 v - a potion of cancellation {unknown}
 x - a potion of lignification {unknown}
Comestibles
 d - 7 rations


   Skills:
 + Level 3.6 Fighting
 + Level 2.9 Long Blades
 + Level 3.6 Dodging
 + Level 3.0 Stealth
 * Level 4.3 Shields
 + Level 0.8 Invocations


You had 4 spell levels left.
You didn't know any spells.
Your spell library was empty.

Dungeon Overview and Level Annotations

Branches:
Dungeon (5/15)             Temple (0/1) D:5

Altars:
Trog
Yredelemnul
The Shining One

Annotations:
D:5 exclusion: oklob sapling


Innate Abilities, Weirdness & Mutations

You cannot wear most types of armour.
You are very stealthy in the water. (Stealth+)
You are amphibious.
You can wear up to eight rings at the same time.
You can use your tentacles to constrict eight enemies at once.
Your skin changes colour to match your surroundings (Stealth+).
Your rubbery body absorbs attacks. (AC +1, EV +1)
You are partially covered in large bone plates. (SH +4)
Your body sometimes deteriorates upon taking damage.


Message History

There is an open door here.
Wield which item (- for none, * to show all)? (? for menu, Esc to quit)
Okay, then.
You hit the quokka.
The quokka is poisoned.
You grab the quokka.
The quokka is heavily wounded.
You constrict the quokka. The quokka bites you.
* * * LOW HITPOINT WARNING * * *
You hit the quokka.
You kill the quokka!
Yredelemnul accepts your kill.
Your Stealth skill increases to level 3!
You start resting.
The centaur shoots an arrow.
The arrow hits you!
* * * LOW HITPOINT WARNING * * *
It was a potion of mutation.
You feel extremely strange.
You feel yourself wasting away.
Large bone plates grow over parts of your tentacles.
The centaur shoots an arrow.
The arrow hits you!
You die...
Your body rises from the dead as a mindless zombie.

........# .c.....#
.......# .......#
#####......#
#...#......#
#...#......#
#..@#(.....# .
#...†c.....# ...
#######...#......#
PP..#....#....#......#
PPP......#....#......#
PP.P.....'....#.......#
>PPP#....#....###.###..
. #....#.<..# .. #.
P..######..## ...


You could see a centaur.

Vanquished Creatures
  A centaur skeleton (D:5)
  An orc priest (D:2)
  Natasha (D:4)
  3 adders
  3 worms
  A dart slug (D:3)
  4 leopard geckos
  12 orcs
  3 giant cockroaches
  9 hobgoblins
  4 jackals (D:2)
  2 quokkas
  2 ball pythons (D:3)
  4 bats
  3 frilled lizards
  2 goblins
  6 kobolds
  9 rats
70 creatures vanquished.

Notes
Turn   | Place    | Note
-------+----------+-------------------------------------------
     0 | D:1      | Soeti the Octopode Fighter began the quest for the Orb.
     0 | D:1      | Reached XP level 1. HP: 16/16 MP: 1/1
   441 | D:1      | Reached XP level 2. HP: 14/21 MP: 2/2
   718 | D:1      | Reached skill level 1 in Stealth
  1156 | D:2      | Reached XP level 3. HP: 23/26 MP: 3/3
  1666 | D:2      | Reached XP level 4. HP: 20/31 MP: 4/4
  2103 | D:3      | Reached skill level 4 in Shields
  2524 | D:3      | Found a bloodstained altar of Trog.
  2760 | D:3      | Found a basalt altar of Yredelemnul.
  2763 | D:3      | Noticed a profane servitor
  2770 | D:3      | Became a worshipper of Yredelemnul the Dark
  2782 | D:3      | Found a glowing golden altar of the Shining One.
  2790 | D:3      | Reached XP level 5. HP: 33/36 MP: 5/5
  2791 | D:3      | Noticed an angel
  2961 | D:4      | Noticed Natasha
  2966 | D:4      | Killed Natasha
  3333 | D:5      | Entered Level 5 of the Dungeon
  3446 | D:5      | Found a staircase to the Ecumenical Temple.
  3463 | D:5      | Noticed a centaur
  3471 | D:5      | Gained mutation: Your body sometimes deteriorates upon taking damage. [potion of mutation]
  3471 | D:5      | Gained mutation: You are partially covered in large bone plates. (SH +4) [potion of mutation]
  3471 | D:5      | Shot with an arrow by a centaur

Vault maps used:
D:1:      kilobyte_arrival_exit_the_forest
D:3:      grunt_temple_overflow_holy_war, lemuel_round_altar, first_ration
D:4:      uniq_natasha
D:5:      lemuel_coloured_pillars_altar, lemuel_round_altar,
          minmay_temple_entry_oklob, serial_shops, shop,
          kennysheep_cross_bottleneck, uniq_prince_ribbit1, uniq_eustachio,
          uniq_duvessa

Skill      XL: |  1  2  3  4  5 |
---------------+----------------+-----
Stealth        | 1 2 3 |  3.0
Shields        | 4 |  4.3
Fighting       | |  3.6
Long Blades    | |  2.9
Dodging        | |  3.6
Invocations    | |  0.8

Action                   |  1- 3 |  4- 6 || total
-------------------------+-------+-------++-------
Melee: Long sword        |    46 |       ||    46
       Constrict         |    23 |    21 ||    44
       Tentacles         |    13 |    13 ||    26
       Dagger            |    22 |    76 ||    98
  Use: Scroll            |       |     4 ||     4
       Potion            |       |     1 ||     1
 Stab: Sleeping          |     2 |     4 ||     6
       Distracted        |       |     1 ||     1
  Eat: Chunk             |     2 |     6 ||     8
Armor: Skin              |    12 |     7 ||    19
Dodge: Dodged            |    35 |    28 ||    63
Block: Shield            |    27 |    29 ||    56
       Rpst.: Long sword |     4 |       ||     4

Table legend:
 A = Spawn XP
 B = Non-spawn XP
 C = Spawn XP percentage of total XP
 D = Spawn monster count
 E = Non-spawn monster count
 F = Spawn count percentage of total count
 G = Total turns spent on level
                    A         B        C        D         E        F      G
               +---------+---------+-------+---------+---------+-------+---------
         Total |       0 |     291 |   0.0 |       0 |      70 |   0.0 |  3471
               +---------+---------+-------+---------+---------+-------+---------
           D:1 |       0 |      13 |   0.0 |       0 |       9 |   0.0 |   751
           D:2 |       0 |      84 |   0.0 |       0 |      21 |   0.0 |   988
           D:3 |       0 |      91 |   0.0 |       0 |      32 |   0.0 |  1212
           D:4 |       0 |      60 |   0.0 |       0 |       6 |   0.0 |   382
           D:5 |       0 |      43 |   0.0 |       0 |       2 |   0.0 |   138
               +---------+---------+-------+---------+---------+-------+---------
